 Dungeon Crawl Stone Soup version 0.24-a0-29-g43a6aff (webtiles) character file.

Game seed: 13406557097151263649

176 ohad the Shield-Bearer (level 5, -2/41 HPs)
             Began as a Formicid Fighter on Feb 2, 2019.
             Slain by a gnoll (7 damage)
             ... on level 3 of the Dungeon.
             The game lasted 00:04:40 (2165 turns).

ohad the Shield-Bearer (Formicid Fighter)           Turns: 2165, Time: 00:04:40

Health: -2/41      AC:  6    Str: 29    XL:     5   Next: 86%
Magic:  5/5        EV:  9    Int:  8    God:
Gold:   153        SH: 11    Dex: 11    Spells: 4/4 levels left

rFire    . . .     SeeInvis +   a - +0 long sword
rCold    . . .     Gourm    +   c - +0 shield
rNeg     . . .     Faith    .   b - +0 scale mail
rPois    .         Spirit   .   (helmet unavailable)
rElec    .         Reflect  .   (no cloak)
rCorr    .         Harm     .   (no gloves)
MR       .....                  (no boots)
Stlth    ..........             r - amulet of the gourmand
HPRegen  0.13/turn              t - +4 ring of strength
MPRegen  0.09/turn              (no ring)

@: mighty
A: permanent stasis, dig shafts and tunnels, four strong arms, antennae 3
a: Dig, Shaft Self


You were on level 3 of the Dungeon.
You were full.

You visited 1 branch of the dungeon, and saw 3 of its levels.

You collected 153 gold pieces.

Inventory:

Hand Weapons
 a - a +0 long sword (weapon)
Missiles
 e - 19 poisoned needles
 C - 27 bolts
Armour
 b - a +0 scale mail (worn)
 c - a +0 shield (worn)
Jewellery
 r - an amulet of the gourmand (around neck)
 t - a +4 ring of strength (left hand)
 z - an uncursed ring of wizardry
 B - an uncursed ring of wizardry
Wands
 y - a wand of flame (16)
 A - a wand of digging (2)
Scrolls
 h - 7 scrolls of identify {unknown}
 i - a scroll of enchant armour {unknown}
 j - a scroll of immolation {unknown}
 k - a scroll of blinking {unknown}
 l - a scroll of enchant weapon {unknown}
 m - a scroll of fear {unknown}
 n - 2 scrolls of amnesia {unknown}
 o - 2 scrolls of remove curse {unknown}
 q - 2 scrolls of teleportation {unknown}
 s - 2 scrolls of fog {unknown}
 u - 3 scrolls of magic mapping {unknown}
Potions
 d - a potion of might
 g - a potion of mutation {unknown}
 p - 2 potions of curing {unknown}
 v - a potion of cancellation {unknown}
 w - 2 potions of degeneration {unknown}
 x - a potion of resistance {unknown}
Comestibles
 f - 6 rations


   Skills:
 - Level 3.2 Fighting
 + Level 4.1 Long Blades
 - Level 3.2 Armour
 + Level 5.7 Shields


You had 4 spell levels left.
You didn't know any spells.
Your spell library was empty.

Dungeon Overview and Level Annotations

Branches:
Dungeon (3/15)

Altars:
Cheibriados


Innate Abilities, Weirdness & Mutations

You cannot be hasted, slowed, berserked, paralysed or teleported.
You can dig through walls and to a lower floor.
Your four strong arms can wield two-handed weapons with a shield.
You have a pair of large antennae on your head. (SInv)


Message History

You slash the hobgoblin!
You kill the hobgoblin!
The gnoll hits you from afar with a +0 spear.
* * * LOW HITPOINT WARNING * * *
You barely miss the goblin. You block the gnoll's attack.
The goblin barely misses you.
You riposte.
Your shield prevents you from hitting the goblin.
You block the gnoll's attack.
You slice the goblin!!
You kill the goblin!
You block the gnoll's attack. The gnoll hits you but does no damage.
The gnoll hits you from afar with a +0 spear.
* * * LOW HITPOINT WARNING * * *
The gnoll hits you.
* * * LOW HITPOINT WARNING * * *
The gnoll barely misses you.
You slash the gnoll!
The gnoll is severely wounded.
The gnoll hits you but does no damage. The gnoll hits you!
You die...

..g..#. #.##...........#
....##. #.)#...........#
....#8.8##.#...........#
...........#...........#
#. ##8.8#..............#
##. ###.s########### #
#gg{..# ##g##.# ##@# #
###


You could see 3 gnolls and a giant cockroach.

Vanquished Creatures
  An orc wizard (D:3)
  Terence (D:3)
  Robin (D:3)
  4 adders
  An ooze (D:1)
  3 worms (D:2)
  A dart slug (D:2)
  A leopard gecko (D:1)
  4 orcs (D:3)
  3 giant cockroaches
  9 goblins
  7 hobgoblins
  2 quokkas
  A ball python (D:2)
  6 bats
  2 frilled lizards (D:1)
  5 kobolds
  9 rats
61 creatures vanquished.

Notes
Turn   | Place    | Note
-------+----------+-------------------------------------------
     0 | D:1      | ohad the Formicid Fighter began the quest for the Orb.
     0 | D:1      | Reached XP level 1. HP: 18/18 MP: 1/1
   171 | D:1      | Reached skill level 4 in Shields
   204 | D:1      | Reached XP level 2. HP: 23/24 MP: 2/2
   611 | D:2      | Reached XP level 3. HP: 26/29 MP: 3/3
   884 | D:2      | Reached skill level 5 in Shields
  1000 | D:2      | Reached XP level 4. HP: 35/35 MP: 4/4
  1211 | D:2      | Found a snail-covered altar of Cheibriados.
  1728 | D:3      | Noticed Terence
  1733 | D:3      | Killed Terence
  1740 | D:3      | Reached XP level 5. HP: 32/41 MP: 5/5
  2121 | D:3      | Noticed Robin
  2156 | D:3      | Killed Robin
  2165 | D:3      | Slain by a gnoll

Vault maps used:
D:1:      dpeg_arrival_brainrot
D:2:      kennysheep_slug_shrine, hex_large, minmay_misc_feat_tower
D:3:      first_ration, small_statue_intersection, uniq_robin, uniq_terence

Skill      XL: |  1  2  3  4  5 |
---------------+----------------+-----
Shields        | 4 5 |  5.7
Long Blades    | 3 4 |  4.1
Fighting       | |  3.2
Armour         | |  3.2

Action                   |  1- 3 |  4- 6 || total
-------------------------+-------+-------++-------
Melee: Long sword        |    87 |   120 ||   207
 Abil: Dig               |       |     1 ||     1
  Use: Potion            |       |     1 ||     1
  Eat: Chunk             |       |    14 ||    14
Armor: Scale mail        |    40 |    39 ||    79
Dodge: Dodged            |    36 |    38 ||    74
Block: Shield            |    58 |    73 ||   131
       Rpst.: Long sword |    11 |    12 ||    23

Table legend:
 A = Non-vault XP
 B = Vault XP
 C = Vault XP percentage of total XP
 D = Non-vault monster count
 E = Vault monster count
 F = Vault count percentage of total count
                 A         B        C        D         E       F
            +---------+---------+-------+---------+---------+-------
      Total |     180 |      72 |  28.6 |      49 |      12 |  19.7
            +---------+---------+-------+---------+---------+-------
        D:1 |      25 |       0 |   0.0 |      14 |       0 |   0.0
        D:2 |      58 |       4 |   6.5 |      16 |       1 |   5.9
        D:3 |      97 |      68 |  41.2 |      19 |      11 |  36.7
            +---------+---------+-------+---------+---------+-------
